 Dungeon Crawl Stone Soup version 0.21.1-1-g345015f (webtiles) character file.

296 ClockworkOrrery the Skirmisher (level 6, -2/39 HPs)
             Began as a Gargoyle Wizard on Feb 12, 2018.
             Killed by divine providence
             ... invoked by an orc priest
              (14 damage)
             ... on level 4 of the Dungeon.
             The game lasted 00:10:33 (2942 turns).

ClockworkOrrery the Skirmisher (Gargoyle Wizard)    Turns: 2942, Time: 00:10:36

Health: -2/39      AC: 16    Str: 10    XL:     6   Next: 35%
Magic:  10/10      EV:  2    Int: 21    God:
Gold:   151        SH:  0    Dex:  8    Spells: 10/11 levels left

rFire    . . .     SeeInvis .   a - +2 dagger (speed)
rCold    . . .     Gourm    .   (no shield)
rNeg     + . .     Faith    .   l - +0 plate armour
rPois    ∞         Spirit   .   b - +0 hat
rElec    +         Reflect  .   w - +0 cloak (curse)
rCorr    .         Harm     .   (no gloves)
MR       .....                  (no boots)
Stlth    ..........             x - amulet of rage
HPRegen  0.13/turn              (no ring)
MPRegen  0.12/turn              (no ring)

@: no status effects
A: negative energy resistance 1, electricity resistance, unbreathing,
petrification resistance, rot immunity, AC +4
a: Evoke Berserk Rage


You were on level 4 of the Dungeon.
You were hungry.

You visited 1 branch of the dungeon, and saw 4 of its levels.

You collected 151 gold pieces.

Inventory:

Hand Weapons
 a - a +2 dagger of speed (weapon)
 e - a +2 dagger of electrocution
Armour
 b - a +0 hat (worn)
 l - a +0 plate armour (worn)
 w - a cursed +0 cloak (worn)
Jewellery
 x - an amulet of rage (around neck)
Scrolls
 f - 2 scrolls of blinking
 q - a scroll of amnesia {unknown}
 r - a scroll of enchant armour {unknown}
 s - 2 scrolls of magic mapping {unknown}
 u - a scroll of teleportation {unknown}
 v - a scroll of enchant weapon {unknown}
Potions
 g - a potion of resistance {unknown}
 h - a potion of magic {unknown}
 i - 2 potions of heal wounds {unknown}
 j - a potion of brilliance {unknown}
 m - a potion of experience {unknown}
 n - 3 potions of curing {unknown}
 o - 2 potions of mutation {unknown}
 p - a potion of flight {unknown}
 t - 2 potions of haste {unknown}
Books
 c - a book of Minor Magic

   Spells                             Type                      Level
   a - Magic Dart                     Conjuration                  1
   b - Blink                          Translocation                2
   c - Call Imp                       Summoning                    2
   d - Slow                           Hexes                        2
   e - Conjure Flame                  Conjuration/Fire             3
   f - Mephitic Cloud                 Conjuration/Poison/Air       3
Comestibles
 d - 6 rations
 k - a chunk of flesh


   Skills:
 * Level 4.6 Fighting
 + Level 3.1 Armour
 + Level 3.0 Dodging
 - Level 2.1 Stealth
 - Level 3.0 Spellcasting
 - Level 1.1 Conjurations
   Level 0.8 Summonings
   Level 0.8 Translocations


You had 10 spell levels left.
You knew the following spells:

 Your Spells              Type           Power        Failure   Level  Hunger
a - Magic Dart            Conj           #...         100%        1    None


Dungeon Overview and Level Annotations

Branches:
Dungeon (4/15)
 Temple: D:4-7

Altars:
Ashenzari
Nemelex Xobeh
Ru
Zin
The Shining One


Innate Abilities, Weirdness & Mutations

You are resistant to torment.
Your stone body is resilient. (AC +4)
You are immune to poison.
You resist negative energy. (rN+)
You are resistant to electric shocks. (rElec)
You can survive without breathing.
You are immune to petrification.
You are immune to rotting.


Message History

The howler monkey hits you but does no damage.
The orc hits you but does no damage.
You barely miss the orc.
The orc is heavily wounded.
The orc wizard hits you but does no damage.
The howler monkey hits you but does no damage.
You hit the orc.
You kill the orc!
The orc wizard hits you but does no damage.
You hit the orc but do no damage.
The orc is moderately wounded.
The howler monkey hits you but does no damage.
The orc wizard hits you but does no damage.
You hit the orc.
The orc is severely wounded.
The orc hits you with a flail.
The howler monkey hits you but does no damage.
The orc priest calls down the wrath of Beogh upon you.
Beogh smites you!
You die...

########## # #........#
##. <.#.######.# ... ..
..#.######.######.#....
..........oo@hoo.......
......##...o###.###...
.............##[#
.............##oo..o.h.
.#.##.......##.#o.$_..
# #.......##.##..8...
#.......##.# .)_...
#####+#.##.# .....
#......# ##.#


You could see an orc warrior, a howler monkey, an orc priest, an orc wizard and
2 orcs.

Vanquished Creatures
  A howler monkey (D:2)
  2 orc priests (D:4)
  A centaur skeleton (D:4)
  6 adders
  4 gnolls (D:2)
  An adder skeleton (D:4)
  3 worms
  2 orcs
  8 bats
  5 giant cockroaches
  10 goblins
  4 hobgoblins
  7 jackals
  4 kobolds
  2 quokkas (D:3)
  3 frilled lizards
  6 rats
69 creatures vanquished.

Notes
Turn   | Place    | Note
-------+----------+-------------------------------------------
     0 | D:1      | ClockworkOrrery the Gargoyle Wizard began the quest for the Orb.
     0 | D:1      | Reached XP level 1. HP: 10/10 MP: 4/4
   217 | D:1      | Reached skill level 1 in Fighting
   219 | D:1      | Reached XP level 2. HP: 6/16 MP: 1/6
   963 | D:1      | Reached skill level 1 in Armour
  1104 | D:2      | Noticed a howler monkey
  1111 | D:2      | Killed a howler monkey
  1111 | D:2      | Reached skill level 2 in Fighting
  1111 | D:2      | Reached XP level 3. HP: 20/22 MP: 7/7
  1188 | D:2      | Reached XP level 4. HP: 27/27 MP: 8/8
  1199 | D:2      | Reached skill level 3 in Fighting
  1335 | D:2      | Reached XP level 5. HP: 32/32 MP: 9/9
  1699 | D:2      | You fall through a shaft!
  1743 | D:3      | Found a sacrificial altar of Ru.
  2403 | D:3      | Found a glowing golden altar of the Shining One.
  2472 | D:3      | Found a sparkling altar of Nemelex Xobeh.
  2592 | D:3      | Reached skill level 4 in Fighting
  2882 | D:4      | Reached XP level 6. HP: 36/38 MP: 10/10
  2889 | D:4      | Found a shattered altar of Ashenzari.
  2889 | D:4      | Found a glowing silver altar of Zin.
  2914 | D:4      | Noticed an orc warrior
  2942 | D:4      | Killed from afar by an orc priest

Skill      XL: |  1  2  3  4  5  6 |
---------------+-------------------+-----
Fighting       | 1 2 3 4 |  4.6
Armour         | 1 2 3 |  3.1
Dodging        | 2 3 |  3.0
Stealth        | |  2.1
Spellcasting   | |  3.0
Conjurations   | |  1.1
Summonings     | |  0.8
Translocations | |  0.8

Action                   |  1- 3 |  4- 6 || total
-------------------------+-------+-------++-------
Melee: Dagger            |    46 |   230 ||   276
 Cast: Magic Dart        |    15 |       ||    15
  Use: Scroll            |       |     3 ||     3
  Eat: Chunk             |     1 |     5 ||     6
Armor: Robe              |     4 |       ||     4
       Ring mail         |     9 |       ||     9
       Plate armour      |    16 |   224 ||   240
Dodge: Dodged            |    22 |    25 ||    47
